 Dungeon Crawl Stone Soup version 0.29-a0-207-gf982a884d8 (webtiles) character file.

Game seed: 12169230463575738868

32 lunkers the Shooter (level 2, -5/24 HPs)
             Began as a Demigod Hunter on Feb 24, 2022.
             Slain by a goblin
             ... wielding a +2 dagger of speed
             ... led by Robin
              (8 damage)
             ... on level 2 of the Dungeon.
             The game lasted 00:00:58 (291 turns).

lunkers the Shooter (Demigod Hunter)                 Turns: 291, Time: 00:00:58

Health: -5/24      AC:  4    Str: 13    XL:     2   Next: 93%
Magic:  4/4        EV: 11    Int: 13    God:
Gold:   15         SH:  0    Dex: 14    Spells: 1/1 levels left

rFire   . . .      SeeInvis .   a - +1 shortbow
rCold   . . .      Faith    .   (shield currently unavailable)
rNeg    . . .      Spirit   .   b - +0 leather armour
rPois   .          Reflect  .   (no helmet)
rElec   .          Harm     .   (no cloak)
rCorr   .          Rampage  .   f - +0 pair of gloves
Will    .....                   (no boots)
Stlth   +.........              (no amulet)
HPRegen 0.08/turn               (no ring)
MPRegen 0.09/turn               (no ring)

@: no status effects
A: high MP 1, forlorn, divine attributes
a: no special abilities


You were on level 2 of the Dungeon.
You visited 1 branch of the dungeon, and saw 2 of its levels.

You collected 15 gold pieces.

Inventory:

Hand Weapons
 a - a +1 shortbow (weapon)
Armour
 b - a +0 leather armour (worn)
 f - a +0 pair of gloves (worn)
Scrolls
 c - 3 scrolls of identify {unknown}
 d - a scroll of enchant armour {unknown}
 g - a scroll of torment {unknown}
 h - a scroll of teleportation {unknown}
Potions
 e - a potion of lignification {unknown}


   Skills:
 - Level 1.7 Fighting
 + Level 4.6 Bows
 - Level 1.7 Dodging
 - Level 0.8 Stealth


You had one spell level left.
You didn't know any spells.
Your spell library was empty.

Dungeon Overview and Level Annotations

Branches:
Dungeon (1/15)


Innate Abilities, Weirdness & Mutations

You have an increased reservoir of magic. (+10% MP)
You shall have no god before yourself.
Your divine heritage dramatically boosts your attributes as you level up.


Message History

Robin is almost dead.
The bat hits you.
* * * LOW HITPOINT WARNING * * *
The bat hits you.
* * * LOW HITPOINT WARNING * * *
The goblin barely misses you. The bat closely misses you.
The goblin closely misses you.
Unknown command.
Shoot: a) +1 shortbow
Press: ? - help, Q - select action Shift-Dir - straight line, f/p - goblin
Aim: a goblin, wielding a +0 club (severely wounded, strong, 55% to hit)
You shoot an arrow. The arrow hits the goblin.
You kill the goblin!
The bat hits you but does no damage.
A goblin comes into view. It is wielding a +0 dagger.
The bat hits you but does no damage.
Robin roars a battlecry!
The goblin barely misses you.
Unknown command.
Unknown command.
Shoot: a) +1 shortbow
Press: ? - help, Q - select action Shift-Dir - straight line, f - goblin
Aim: a goblin, wielding a +2 dagger of speed (strong, 55% to hit)
You shoot an arrow. The arrow closely misses the goblin.
The arrow hits Robin!
You kill Robin!
The bat barely misses you.
The goblin hits you with a +2 dagger of speed.
* * * LOW HITPOINT WARNING * * *
The bat barely misses you.
The goblin hits you with a +2 dagger of speed.
* * * LOW HITPOINT WARNING * * *
Shoot: a) +1 shortbow
Press: ? - help, Q - select action Shift-Dir - straight line, f/p - goblin
Aim: a goblin, wielding a +2 dagger of speed (strong, 55% to hit)
You shoot an arrow. The arrow closely misses the goblin.
The arrow hits the goblin.
The goblin is heavily wounded.
The bat misses you. The bat barely misses you.
The goblin hits you with a +2 dagger of speed!
You die...

## #..# .. ...# .# #..#
.#####.#..# .##....#..# #+#
.##.##.#..######.###########
................gg ..g.>g.g.
.#..#..#.......#g# #gg.g).g.
.#..#...#...##.#@# #g#
.#.†#####...##.#b# #.#
.#...........#.#g###b#
.#.#######.#.#..gg##.#
.#.........#.#.#..##.#
.#..########.#.......# #..
..#####.#.#..####
#..#.............# #.
.######.#....#


You could see 6 goblins and a bat.

Vanquished Creatures
  Robin (D:2)
  An adder (D:2)
  An endoplasm (D:2)
  5 goblins
  A hobgoblin (D:2)
  A quokka (D:2)
  A ball python (D:2)
  A frilled lizard (D:1)
  A rat (D:1)
13 creatures vanquished.

Notes
Turn   | Place    | Note
-------+----------+-------------------------------------------
     0 | D:1      | lunkers the Demigod Hunter began the quest for the Orb.
     0 | D:1      | Reached XP level 1. HP: 17/17 MP: 3/3
   161 | D:1      | You fall into a shaft and drop 1 floor!
   170 | D:2      | Reached skill level 4 in Bows
   170 | D:2      | Reached XP level 2. HP: 24/24 MP: 4/4
   268 | D:2      | Identified the +1 helmet of the Garden {rPois Str+5}
   268 | D:2      | Noticed Robin
   290 | D:2      | Killed Robin
   291 | D:2      | Slain by a goblin

Illustrated notes

Levels and vault maps discovered:
D:1:      lightli_arrival_isolated_outpost, layout_basic,
          hangedman_decor_riveting, minmay_misc_feat_cross,
          hangedman_decor_points, chequers_decorated_corner, st_stairs_1
D:2:      layout_basic, basic_altar, chequers_ecumenical_altar_simple,
          uniq_natasha, uniq_robin

Skill      XL: |  1 |
---------------+----+-----
Bows           | 4 |  4.6
Fighting       | |  1.7
Dodging        | |  1.7
Stealth        | |  0.8

Action                   || total
-------------------------++-------
Melee: Shortbow          ||     1
 Fire: Shortbow          ||    28
Armor: Leather armour    ||    11
Dodge: Dodged            ||    23

Table legend: (Time is in decaauts)
 A = Elapsed time spent in this place.
 B = Non-inter-level travel time spent in this place.
 C = Inter-level travel time spent in this place.
 D = Time resting spent in this place.
 E = Time spent auto-exploring this place.
 F = Levels seen in this place.
 G = Mean time per level.
                   A        B        C        D        E       F      G
               +--------+--------+--------+--------+--------+-----+--------+
         Total |    303 |    303 |      0 |      0 |    218 |   2 |  151.5 |
       Dungeon |    303 |    303 |      0 |      0 |    218 |   2 |  151.5 |
               +--------+--------+--------+--------+--------+-----+--------+

Top non-repeatable levels by time:
     D:1: 167 daAuts
     D:2: 136 daAuts
